 Dungeon Crawl Stone Soup version 0.28.0 (webtiles) character file.

Game seed: 1283321637552761205

1734 sanboga the Chopper (level 9, -1/56 HPs)
             Began as a Gargoyle Fighter on Feb 13, 2022.
             Was an Initiate of Trog.
             Engulfed by a steam dragon's steam (10 damage)
             ... on level 7 of the Dungeon.
             The game lasted 00:10:06 (6568 turns).

sanboga the Chopper (Gargoyle Fighter)              Turns: 6568, Time: 00:10:07

Health: -1/56      AC: 20    Str: 31    XL:     9   Next: 5%
Magic:  9/9        EV: 12    Int:  8    God:    Trog [......]
Gold:   286        SH:  5    Dex:  9    Spells: 8/8 levels left

rFire   . . .      SeeInvis .   a - +0 war axe
rCold   . . .      Faith    .   c - +0 buckler
rNeg    + . .      Spirit   .   t - +0 chain mail
rPois   ∞          Reflect  .   p - +0 helmet
rElec   +          Harm     .   d - +0 cloak
rCorr   .          Rampage  .   e - +0 pair of gloves
Will    .....                   (no boots)
Stlth   ..........              (no amulet)
HPRegen 0.18/turn               g - +4 ring of evasion
MPRegen 0.11/turn               w - +6 ring of strength

@: marked, attractive
A: sickness immunity, AC +6, negative energy resistance 1, electricity
resistance, torment resistance 1, petrification resistance
a: Renounce Religion


You were on level 7 of the Dungeon.
You worshipped Trog.
Trog was noncommittal.
You visited 2 branches of the dungeon, and saw 8 of its levels.

You collected 286 gold pieces.

Inventory:

Hand Weapons
 a - a +0 war axe (weapon)
Armour
 c - a +0 buckler (worn)
 d - a +0 cloak (worn)
 e - a +0 pair of gloves (worn)
 p - a +0 helmet (worn)
 t - a +0 chain mail (worn)
Jewellery
 g - a +4 ring of evasion (left hand)
 w - a +6 ring of strength (right hand)
Wands
 l - a wand of flame (15)
 u - a wand of acid (5)
Scrolls
 b - a scroll of magic mapping {unknown}
 h - 4 scrolls of teleportation
 j - a scroll of noise {unknown}
 k - a scroll of immolation {unknown}
 m - a scroll of silence {unknown}
 n - a scroll of enchant weapon {unknown}
 r - a scroll of torment {unknown}
 s - a scroll of amnesia {unknown}
 v - a scroll of fear {unknown}
Potions
 i - 4 potions of flight
 o - a potion of mutation
 z - a potion of cancellation {unknown}


   Skills:
 + Level 6.4 Fighting
 * Level 6.7 Axes
 + Level 6.4 Armour
 + Level 6.4 Shields


You had 8 spell levels left.
You didn't know any spells.
Your spell library contained the following spells:

 Spells                   Type           Power      Damage    Failure   Level
 Ensorcelled Hibernation  Hex/Ice        0%         N/A       98%         2
 Passwall                 Tmut/Erth      0%         N/A       98%         2
 Swiftness                Air            0%         N/A       100%        3


Dungeon Overview and Level Annotations

Branches:
Dungeon (7/15)             Temple (1/1) D:5

Altars:
Ashenzari
Dithmenos
Elyvilon
Fedhas
Gozag
Makhleb
Nemelex Xobeh
Okawaru
Qazlal
Ru
Trog
Yredelemnul
Zin

Shops:
D:2 :


Innate Abilities, Weirdness & Mutations

You are immune to sickness and miasma.
Your stone body is resilient. (AC +6)
You are immune to poison.
You resist negative energy. (rN+)
You are resistant to electric shocks. (rElec)
You are resistant to unholy torment.
You are immune to petrification.


Message History

You slash the steam dragon!
You kill the steam dragon!
Trog accepts your kill.
The steam dragon scales are intact enough to wear.
You closely miss the shadow imp.
You are engulfed in a cloud of scalding steam.
The shadow imp is engulfed in a cloud of scalding steam.
The shadow imp closely misses you.
The shadow imp is engulfed in a cloud of scalding steam.
The shadow imp dies!
You have reached level 9!
Your experience leads to an increase in your attributes!
Your base attributes are Str 23, Int 8, Dex 9.
Increase (S)trength, (I)ntelligence, or (D)exterity?
You feel stronger. x2
You slash the steam dragon!
The steam dragon is heavily wounded.
You are engulfed in a cloud of scalding steam.
The steam dragon barely misses you. The steam dragon closely misses you.
A shadow imp comes into view.
The shadow imp is attracted toward you.
You closely miss the steam dragon.
The steam dragon is heavily wounded.
The steam dragon breathes steam at you. The ball of steam misses you.
The shadow imp is attracted toward you.
You closely miss the steam dragon.
The steam dragon is heavily wounded.
You slash the shadow imp!
You are engulfed in a cloud of scalding steam.
* * * LOW HITPOINT WARNING * * *
The steam dragon closely misses you. You block the steam dragon's attack.
The shadow imp closely misses you. You block the steam dragon's attack.
The steam dragon completely misses you.
You hit the steam dragon.
The steam dragon is heavily wounded.
You hit the shadow imp.
You kill the shadow imp!
Trog accepts your kill.
You are engulfed in a cloud of scalding steam.
You die...

#.####.#.#
######
##.#.#
##.#..#
#.###.#
##.#..#
##...# #.
##..#
##...####..#
......D@.§§#
.......##.##
....... ..#
#......####
######
##(...#
#..... ##..#
#.#### ...
#.# .... #.#
#######.####


You could see a steam dragon (catching breath).

Vanquished Creatures
  A steam dragon (D:7)
  An ice beast (D:6)
  2 necrophages (D:5)
  An ogre (D:5)
  A sky beast (D:6)
  3 phantoms
  A scorpion (D:7)
  A wyvern skeleton (D:6)
  A hound (D:4)
  2 orc priests (D:5)
  A bullfrog zombie (D:5)
  2 jellies
  Crazy Yiuf (D:3)
  Jessica (D:2)
  2 centaur skeletons (D:6)
  4 iguanas
  Ijyb (D:3)
  Natasha (thrice) (D:3)
  An orc wizard (D:5)
  A hound zombie (D:5)
  A howler monkey zombie (D:7)
  3 howler monkey skeletons
  4 adders
  7 gnolls
  3 shadow imps
  An ufetubus (D:5)
  An adder skeleton (D:4)
  A worm (D:3)
  5 dart slugs
  17 orcs
  6 endoplasms
  4 giant cockroaches
  7 goblins
  12 hobgoblins
  3 jackals (D:1)
  8 kobolds
  6 quokkas
  8 ball pythons
  9 bats
  3 frilled lizards (D:1)
  11 rats
151 creatures vanquished.

Vanquished Creatures (others)
  A shadow imp (D:7)
  A fungus (D:1)
  A plant (D:1)
3 creatures vanquished.

Grand Total: 154 creatures vanquished

Notes
Turn   | Place    | Note
-------+----------+-------------------------------------------
     0 | D:1      | sanboga the Gargoyle Fighter began the quest for the Orb.
     0 | D:1      | Reached XP level 1. HP: 14/14 MP: 1/1
    57 | D:1      | Reached XP level 2. HP: 10/19 MP: 2/2
   670 | D:1      | Found a faded altar of an unknown god.
   678 | D:1      | Reached XP level 3. HP: 21/23 MP: 3/3
  1188 | D:2      | Identified the +1 leather armour "Gutiyxa" {SInv}
  1198 | D:2      | Found Omuimaga's Book Emporium.
  1237 | D:2      | Reached XP level 4. HP: 24/29 MP: 4/4
  1343 | D:2      | Noticed Jessica
  1346 | D:2      | Killed Jessica
  1837 | D:3      | Found a sacrificial altar of Ru.
  1939 | D:3      | Reached XP level 5. HP: 29/33 MP: 5/5
  2109 | D:3      | Noticed Natasha
  2113 | D:3      | Killed Natasha
  2124 | D:3      | Noticed Ijyb
  2133 | D:3      | Killed Ijyb
  2397 | D:3      | Found a runed translucent door.
  2398 | D:3      | Noticed Crazy Yiuf
  2408 | D:3      | Killed Crazy Yiuf
  2705 | D:3      | Noticed Natasha
  2710 | D:3      | Killed Natasha
  2711 | D:3      | Reached XP level 6. HP: 39/39 MP: 6/6
  2744 | D:3      | Noticed Natasha
  2754 | D:3      | Killed Natasha
  3348 | D:4      | Found an opulent altar of Gozag.
  3821 | D:5      | Entered Level 5 of the Dungeon
  3863 | D:4      | Reached XP level 7. HP: 33/44 MP: 7/7
  4020 | D:5      | Found a staircase to the Ecumenical Temple.
  4252 | D:5      | Reached skill level 5 in Fighting
  4252 | D:5      | Reached skill level 5 in Armour
  4252 | D:5      | Reached skill level 5 in Shields
  4558 | D:5      | Reached skill level 5 in Axes
  4652 | D:5      | Reached XP level 8. HP: 50/50 MP: 8/8
  5298 | Temple   | Entered the Ecumenical Temple
  5339 | Temple   | Became a worshipper of Trog the Wrathful
  5588 | D:6      | Found a burning altar of Makhleb.
  6257 | D:7      | Found a blossoming altar of Fedhas.
  6561 | D:7      | HP: 2/52 [steam dragon (5)]
  6565 | D:7      | Reached XP level 9. HP: 10/56 MP: 9/9
  6568 | D:7      | Engulfed by a steam dragon's steam

Illustrated notes

Levels and vault maps discovered:
D:1:      mrwooster_arrival_statue, layout_basic,
          dreamdust_ecumenical_altar_grove
D:2:      layout_rooms, serial_shops, nicolae_shop_behind_doors, uniq_jessica
D:3:      layout_loops_ring, hangedman_ru_absence, minmay_fountain_box,
          uniq_natasha, uniq_crazy_yiuf_cottage, uniq_ijyb
D:4:      layout_loops_ring, general_overflow_altar, kennysheep_generic_room_7
D:5:      nicolae_cairo_tiling, layout_basic, minmay_temple_entry_butterflies
D:6:      layout_basic, mainiacjoe_overflow_cross_hatched
D:7:      layout_loops_ring, lemuel_crystal_altar
Temple:   mainiacjoe_temple_coin_purse

Skill      XL: |  1  2  3  4  5  6  7  8 |
---------------+-------------------------+-----
Axes           | 2 3 4 5 6 |  6.7
Armour         | 4 5 6 |  6.4
Shields        | 4 5 6 |  6.4
Fighting       | 4 5 6 |  6.4

Action                   |  1- 3 |  4- 6 |  7- 9 || total
-------------------------+-------+-------+-------++-------
Melee: War axe           |   110 |   201 |   201 ||   512
  Use: Scroll            |       |     4 |     1 ||     5
       Potion            |       |     3 |     4 ||     7
Armor: Scale mail        |    72 |    92 |    62 ||   226
       Chain mail        |       |       |    48 ||    48
       Skin              |       |       |     9 ||     9
Dodge: Dodged            |    70 |   149 |   115 ||   334
Block: Buckler           |    29 |    44 |    50 ||   123
